 Dungeon Crawl Stone Soup version 0.22-a0-271-gc000056 (webtiles) character file.

246 tidbits the Insei (level 6, 2/47 HPs)
             Began as a Gnoll Transmuter on Mar 11, 2018.
             Quit the game on level 4 of the Dungeon.
             The game lasted 00:05:47 (612 turns).

tidbits the Insei (Gnoll Transmuter)                 Turns: 612, Time: 00:05:48

Health: 2/47       AC:  2    Str: 12    XL:     6   Next: 11%
Magic:  10/13      EV: 24    Int: 17    God:
Gold:   103        SH:  3    Dex: 21    Spells: 9/15 levels left

rFire    . . .     SeeInvis .     - Unarmed
rCold    . . .     Gourm    .   (shield currently unavailable)
rNeg     . . .     Faith    .   (armour currently unavailable)
rPois    x         Spirit   .   (helmet currently unavailable)
rElec    .         Reflect  +   (cloak currently unavailable)
rCorr    .         Harm     .   (gloves currently unavailable)
MR       .....                  (boots currently unavailable)
Stlth    ++........             e - +3 amulet of reflection
HPRegen  0.15/turn              Y - +3 ring of slaying
MPRegen  0.13/turn              (no ring)

@: lethally poisoned (2 -> -2), spider-form (expiring), hasted, very quick
A: tiny, distributed training, strong nose
a: End Transformation


You were on level 4 of the Dungeon.
You were not hungry.
You were a venomous arachnid creature.
You visited 1 branch of the dungeon, and saw 4 of its levels.

You collected 103 gold pieces.

Inventory:

Hand Weapons
 b - a +0 dagger
 f - a +0 dagger
 i - a +0 hunting sling
 j - a +0 war axe
Missiles
 a - 62 arrows
 k - 35 stones (quivered)
Armour
 B - a +0 robe (melded)
 E - a +2 helmet (melded)
 G - a +0 pair of gloves (melded)
Jewellery
 e - a +3 amulet of reflection (around neck)
   (You found it on level 1 of the Dungeon)
 h - an uncursed ring of fire
   (You found it on level 2 of the Dungeon)
 Y - a +3 ring of slaying (left front leg)
   (You found it on level 1 of the Dungeon)
Scrolls
 c - a scroll of immolation {unknown}
 l - a scroll of enchant weapon {unknown}
 m - a scroll of teleportation
 n - a scroll of identify {unknown}
 o - a scroll of amnesia {unknown}
Comestibles
 d - 6 rations


   Skills:
 + Level 3.1 Fighting
 + Level 1.7 Short Blades
 + Level 1.7 Long Blades
 + Level 1.7 Axes
 + Level 1.7 Maces & Flails
 + Level 1.7 Polearms
 + Level 1.7 Staves
 + Level 1.7 Slings
 + Level 1.7 Bows
 + Level 1.7 Crossbows
 + Level 1.7 Throwing
 + Level 1.7 Armour
 + Level 4.9 Dodging
 + Level 1.7 Stealth
 + Level 1.7 Shields
 + Level 6.7 Unarmed Combat
 + Level 5.3 Spellcasting
 + Level 1.3 Conjurations
 + Level 1.3 Hexes
 + Level 1.3 Charms
 + Level 1.3 Summonings
 + Level 1.3 Necromancy
 + Level 1.3 Translocations
 + Level 4.0 Transmutations
 + Level 1.3 Fire Magic
 + Level 1.3 Ice Magic
 + Level 1.3 Air Magic
 + Level 1.3 Earth Magic
 + Level 1.3 Poison Magic
 + Level 2.0 Invocations
 + Level 1.7 Evocations


You had 9 spell levels left.
You knew the following spells:

 Your Spells              Type           Power        Failure   Level  Hunger
e - Beastly Appendage     Tmut           ###...       10%         1    None
k - Sticks to Snakes      Tmut           ###.....     13%         2    #......
p - Spider Form           Tmut/Pois      ##........   32%         3    ##.....


Dungeon Overview and Level Annotations

Branches:
Dungeon (4/15)
 Temple: D:4-7

Altars:
Ashenzari


Innate Abilities, Weirdness & Mutations

Your experience applies equally to all skills.
((You have very sharp teeth.))
Your uncanny sense of smell can sniff out nearby items.


Message History

You see here 10 gold pieces.
You hit the rat.
You kill the rat!
You now have 103 gold pieces (gained 10).
Found a scroll labeled UDIHIO FAEDOSEO.
You see here a scroll labeled UDIHIO FAEDOSEO.
m - 2 scrolls labeled UDIHIO FAEDOSEO (gained 1)
Found 17 arrows.
You see here 17 arrows.
a - 62 arrows (gained 17)
An orc comes into view. It is wielding a dagger.
A rat and a giant cockroach come into view.
Your transformation is almost over.
There is a stone staircase leading down here.
You climb downwards.
There is a stone staircase leading up here.
Unknown command.
Unknown command.
Your talons disappear.
Found a scroll labeled BYOZEPR CIGA.
Found a whip.
You see here a scroll labeled BYOZEPR CIGA.
o - a scroll labeled BYOZEPR CIGA
Found a ration.
You see here a ration.
d - 6 rations (gained 1)
As you read the scroll labeled UDIHIO FAEDOSEO, it crumbles to dust.
You feel strangely unstable.
It was a scroll of teleportation.
Your surroundings suddenly seem different.
The orc wizard points at you and mumbles some strange words.
The magic dart hits you! 2 orcs come into view.
An orc and an orc priest come into view.
The orc shouts! x3
The orc barely misses you.
The orc shouts!
You see here 2 javelins.
Unknown command.
It was a potion of haste.
You feel yourself speed up. The orc hits you but does no damage.
You are poisoned.
The orc hits you but does no damage.
Casting: Beastly Appendage (safe; 2% risk of failure)
Confirm with . or Enter, or press ? or * to list all spells.
You turn into a venomous arachnid creature.
Your +2 helmet melds into your body.
Your +0 pair of gloves melds into your body.
Your +0 robe melds into your body.
You feel sick. The orc completely misses you.
The orc wizard mumbles some strange words.
The orc wizard seems to speed up.
The orc misses you.
You bite the orc!
You kill the orc!
You feel sick.
You barely miss the orc wizard. The orc barely misses you.
You bite the orc wizard!
The orc wizard looks as sick as possible!
The orc wizard is severely wounded.
You feel sick.
The orc wizard points at you and mumbles some strange words.
The magic dart hits you!
The orc priest casts a cantrip, but nothing happens.
The orc closely misses you.
You kill the orc wizard!
Your Invocations skill increases to level 2!
You have reached level 6!
Your experience leads to an increase in your attributes!
Your base attributes are Str 12, Int 16, Dex 16.
Increase (S)trength, (I)ntelligence, or (D)exterity?
You feel clever.
You aren't carrying any potions.
Unknown command.
You feel sick.
You hit the orc.
The orc is heavily wounded.
You feel sick. The orc hits you with a hand axe!
* * * LOW HITPOINT WARNING * * *
You bite the orc!
You kill the orc!
You closely miss the orc.
You feel sick.
You hit the orc.
The orc is heavily wounded.
The orc completely misses you.
You bite the orc!
You kill the orc!
You hit the orc priest.
The orc priest is moderately wounded.
You feel sick.
You hit the orc priest.
The orc priest is poisoned.
The orc priest is severely wounded.
The orc priest calls down the wrath of Beogh upon you.
Beogh smites you!
* * * LOW HITPOINT WARNING * * *
You barely miss the orc priest.
The orc priest is almost dead.
Your transformation is almost over.
The orc priest miscasts a cantrip.
You aren't carrying any potions.
Unknown command.
Are you sure you want to abandon this character and quit the game? (Confirm with "yes".)

### .. .. ∆ .# ####
.## ..... ##.#
#########
.....#..###........
#.....ooos.#######
.##...##.######
................
........o......#
#......>.?####.#
###.....<..#
#........#
#....o...#
..........#


You could see an orc priest, an orc wizard and an orc.

Vanquished Creatures
  A hound (D:3)
  4 orc wizards
  Terence (D:2)
  An adder (D:2)
  3 gnolls (D:2)
  2 leopard geckos (D:2)
  9 orcs
  A ball python (D:2)
  A bat (D:3)
  2 giant cockroaches
  2 goblins
  A hobgoblin (D:2)
  2 quokkas
  A frilled lizard (D:3)
  2 kobolds (D:2)
  4 rats
37 creatures vanquished.

Vanquished Creatures (collateral kills)
  A kobold (D:2)
1 creature vanquished.

Grand Total: 38 creatures vanquished

Notes
Turn   | Place    | Note
-------+----------+-------------------------------------------
     0 | D:1      | tidbits the Gnoll Transmuter began the quest for the Orb.
     0 | D:1      | Reached XP level 1. HP: 17/17 MP: 6/6
   138 | D:2      | Reached XP level 2. HP: 23/23 MP: 5/7
   142 | D:2      | Learned a level 2 spell: Sticks to Snakes
   159 | D:2      | Noticed Terence
   170 | D:2      | Killed Terence
   170 | D:2      | Reached skill level 5 in Spellcasting
   170 | D:2      | Reached XP level 3. HP: 28/28 MP: 4/9
   175 | D:2      | Learned a level 3 spell: Spider Form
   226 | D:2      | Found a shattered altar of Ashenzari.
   247 | D:2      | Reached skill level 1 in Invocations
   276 | D:2      | Reached skill level 1 in Short Blades
   276 | D:2      | Reached skill level 1 in Long Blades
   276 | D:2      | Reached skill level 1 in Axes
   276 | D:2      | Reached skill level 1 in Maces & Flails
   276 | D:2      | Reached skill level 1 in Polearms
   276 | D:2      | Reached skill level 1 in Staves
   276 | D:2      | Reached skill level 1 in Slings
   276 | D:2      | Reached skill level 1 in Bows
   276 | D:2      | Reached skill level 1 in Crossbows
   276 | D:2      | Reached skill level 1 in Throwing
   276 | D:2      | Reached skill level 1 in Armour
   276 | D:2      | Reached skill level 1 in Stealth
   276 | D:2      | Reached skill level 1 in Shields
   276 | D:2      | Reached skill level 1 in Evocations
   276 | D:2      | Reached XP level 4. HP: 34/34 MP: 3/11
   328 | D:3      | Reached skill level 1 in Conjurations
   328 | D:3      | Reached skill level 1 in Hexes
   328 | D:3      | Reached skill level 1 in Charms
   328 | D:3      | Reached skill level 1 in Summonings
   328 | D:3      | Reached skill level 1 in Necromancy
   328 | D:3      | Reached skill level 1 in Translocations
   328 | D:3      | Reached skill level 1 in Fire Magic
   328 | D:3      | Reached skill level 1 in Ice Magic
   328 | D:3      | Reached skill level 1 in Air Magic
   328 | D:3      | Reached skill level 1 in Earth Magic
   328 | D:3      | Reached skill level 1 in Poison Magic
   354 | D:3      | Reached XP level 5. HP: 26/40 MP: 2/12
   359 | D:3      | Reached skill level 3 in Fighting
   386 | D:3      | HP: 4/41 [orc wizard/magic dart (11)]
   388 | D:3      | Reached skill level 4 in Transmutations
   469 | D:3      | Found a faded altar of an unknown god.
   599 | D:4      | Reached skill level 2 in Invocations
   599 | D:4      | Reached XP level 6. HP: 25/47 MP: 9/13
   610 | D:4      | HP: 1/47 [orc priest/divine providence (12)]
   612 | D:4      | Quit the game

Vault maps used:
D:1:      tarquinn_simple_flora_water_b, st_stairs_11
D:2:      old_standard_altar, minivault_27, evilmike_ruin_ashenzari,
          uniq_terence
D:3:      old_standard_altar, first_ration, chequers_ecumenical_altar_simple
D:4:      lemuel_coloured_pillars_altar, minmay_temple_entry_poolview,
          serial_shops, nicolae_shop_stone, shop

Skill      XL: |  1  2  3  4  5 |
---------------+----------------+-----
Spellcasting   | 5 |  5.3
Invocations    | 1 2 |  2.0
Short Blades   | 1 |  1.7
Long Blades    | 1 |  1.7
Axes           | 1 |  1.7
Maces & Flails | 1 |  1.7
Polearms       | 1 |  1.7
Staves         | 1 |  1.7
Slings         | 1 |  1.7
Bows           | 1 |  1.7
Crossbows      | 1 |  1.7
Throwing       | 1 |  1.7
Armour         | 1 |  1.7
Stealth        | 1 |  1.7
Shields        | 1 |  1.7
Evocations     | 1 |  1.7
Conjurations   | 1 |  1.3
Hexes          | 1 |  1.3
Charms         | 1 |  1.3
Summonings     | 1 |  1.3
Necromancy     | 1 |  1.3
Translocations | 1 |  1.3
Fire Magic     | 1 |  1.3
Ice Magic      | 1 |  1.3
Air Magic      | 1 |  1.3
Earth Magic    | 1 |  1.3
Poison Magic   | 1 |  1.3
Fighting       | 3 |  3.1
Transmutations | 4 |  4.0
Dodging        | |  4.9
Unarmed Combat | |  6.7

Action                   |  1- 3 |  4- 6 || total
-------------------------+-------+-------++-------
Melee: Unarmed           |    18 |    70 ||    88
       Kick              |     2 |    14 ||    16
       Punch             |     2 |     2 ||     4
       Bite              |       |     3 ||     3
Throw: Stone             |       |     1 ||     1
 Cast: Beastly Appendage |     4 |     8 ||    12
       Sticks to Snakes  |     2 |     1 ||     3
       Spider Form       |     1 |     3 ||     4
  Use: Potion            |       |     2 ||     2
       Scroll            |       |     1 ||     1
 Stab: Distracted        |     1 |       ||     1
       Sleeping          |       |     2 ||     2
Armor: Robe              |     3 |    12 ||    15
Dodge: Dodged            |     7 |    38 ||    45
Block: Other             |     3 |     3 ||     6
       Reflection        |       |     1 ||     1

Table legend:
 A = Spawn XP
 B = Non-spawn XP
 C = Spawn XP percentage of total XP
 D = Spawn monster count
 E = Non-spawn monster count
 F = Spawn count percentage of total count
 G = Total turns spent on level
                    A         B        C        D         E        F      G
               +---------+---------+-------+---------+---------+-------+---------
         Total |       0 |     352 |   0.0 |       0 |      38 |   0.0 |   612
               +---------+---------+-------+---------+---------+-------+---------
           D:2 |       0 |     113 |   0.0 |       0 |      16 |   0.0 |   295
           D:3 |       0 |     190 |   0.0 |       0 |      18 |   0.0 |   234
           D:4 |       0 |      49 |   0.0 |       0 |       4 |   0.0 |    43
               +---------+---------+-------+---------+---------+-------+---------

Table legend:
 A = Turns spent in this place as a percentage of turns spent in the entire game.
 B = Non-inter-level travel turns spent in this place as a percentage of non-inter-level travel turns spent in the entire game.
 C = Inter-level travel turns spent in this place as a percentage of turns spent in this place.
 D = Turns resting spent in this place as a percentage of non-inter-level travel turns spent in this place.
 E = Turns spent auto-exploring this place as a percentage of non-inter-level travel turns spent in this place.
 F = Non-inter-level travel turns spent in this place divided by the number of levels of this place that you've seen.
                   A       B       C       D       E      F
               +-------+-------+-------+-------+-------+----------------------
         Total | 100.0 | 100.0 |   0.0 |   0.0 |   0.0 | 153.0
       Dungeon | 100.0 | 100.0 |   0.0 |   0.0 |   0.0 | 153.0
               +-------+-------+-------+-------+-------+----------------------

Table legend:
 A = Kills in this place as a percentage of kills in entire the game.
 B = Kills by you in this place as a percentage of kills by you in the entire game.
 C = Kills by friends in this place as a percentage of kills by friends in the entire game.
 D = Other kills in this place as a percentage of other kills in the entire game.
 E = Experience gained in this place as a percentage of experience gained in the entire game.
 F = Experience gained in this place divided by the number of levels of this place that you have seen.
                   A       B       C       D       E      F
               +-------+-------+-------+-------+-------+----------------------
         Total | 100.0 | 100.0 | 100.0 |   N/A | 100.0 |  88.0
       Dungeon | 100.0 | 100.0 | 100.0 |   N/A | 100.0 |  88.0
               +-------+-------+-------+-------+-------+----------------------

Vault maps used:
D:1:      tarquinn_simple_flora_water_b, st_stairs_11
D:2:      old_standard_altar, minivault_27, evilmike_ruin_ashenzari,
          uniq_terence
D:3:      old_standard_altar, first_ration, chequers_ecumenical_altar_simple
D:4:      lemuel_coloured_pillars_altar, minmay_temple_entry_poolview,
          serial_shops, nicolae_shop_stone, shop
